 Dungeon Crawl Stone Soup version 0.22-a0-775-ga7d80019b5 (webtiles) character file.

8103 Bapho the Carver (level 11, -14/99 HPs)
             Began as a Grey Draconian Berserker on July 18, 2018.
             Was a High Priest of Trog.
             Demolished by a large slime creature (34 damage)
             ... on level 9 of the Dungeon.
             The game lasted 00:16:51 (8951 turns).

Bapho the Carver (Grey Draconian Berserker)         Turns: 8951, Time: 00:16:52

Health: -14/99     AC: 13    Str: 21    XL:     11   Next: 5%
Magic:  11/11      EV: 17    Int:  7    God:    Trog [*****.]
Gold:   385        SH:  0    Dex: 13    Spells: 10/10 levels left

rFire    . . .     SeeInvis .   a - +0 falchion
rCold    . . .     Gourm    .   (no shield)
rNeg     . . .     Faith    .   (armour unavailable)
rPois    .         Spirit   .   (helmet restricted)
rElec    .         Reflect  .   (no cloak)
rCorr    .         Harm     .   n - +0 pair of gloves
MR       .....                  (no boots)
Stlth    +.........             f - amulet of regeneration
HPRegen  0.66/turn              (no ring)
MPRegen  0.12/turn              (no ring)

@: berserk cooldown, slowed, very slow
A: walk through water, unfitting armour, unbreathing, cold-blooded, AC +12
a: Berserk, Trog's Hand, Brothers in Arms, Renounce Religion


You were on level 9 of the Dungeon.
You worshipped Trog.
Trog was extremely pleased with you.
You were very hungry.

You visited 1 branch of the dungeon, and saw 10 of its levels.

You collected 385 gold pieces.

Inventory:

Hand Weapons
 a - a +0 falchion (weapon)
Missiles
 l - 201 stones (quivered)
 m - 203 arrows
Armour
 n - a +0 pair of gloves (worn)
Jewellery
 f - an amulet of regeneration (around neck)
 A - an uncursed ring of magical power {unknown}
 C - a cursed -3 ring of dexterity {unknown}
 G - a cursed -5 ring of evasion {unknown}
 I - an uncursed amulet of the acrobat {unknown}
Wands
 H - a wand of iceblast (17)
Scrolls
 c - 2 scrolls of fear {unknown}
 j - 2 scrolls of amnesia {unknown}
 k - a scroll of enchant weapon {unknown}
 o - 3 scrolls of magic mapping {unknown}
 p - 6 scrolls of identify {unknown}
 r - a scroll of random uselessness {unknown}
 s - a scroll of immolation {unknown}
 x - 2 scrolls of enchant armour {unknown}
 y - a scroll of fog {unknown}
 z - 4 scrolls of teleportation {unknown}
 D - 2 scrolls of vulnerability {unknown}
 E - a scroll of blinking {unknown}
 F - 2 scrolls of remove curse {unknown}
 J - a scroll of noise {unknown}
Potions
 d - a potion of brilliance {unknown}
 e - 2 potions of degeneration {unknown}
 g - 2 potions of lignification {unknown}
 h - a potion of mutation {unknown}
 i - 4 potions of heal wounds
 q - 2 potions of agility {unknown}
 t - a potion of resistance {unknown}
 u - a potion of haste {unknown}
 v - 2 potions of flight {unknown}
 w - 5 potions of curing {unknown}
 B - a potion of might {unknown}
Comestibles
 b - 18 rations


   Skills:
 + Level 9.9 Fighting
 * Level 12.3 Long Blades
 + Level 8.3 Dodging


You had 10 spell levels left.
You didn't know any spells.
Your spell library was empty.

Dungeon Overview and Level Annotations

Branches:
Dungeon (10/15)            Temple (0/1) D:7            Lair (0/6) D:8
    Orc (0/2) D:9

Altars:
Cheibriados
Dithmenos
Fedhas
Hepliaklqana
Makhleb
Nemelex Xobeh
Okawaru
Ru
Vehumet
Wu Jian
Xom
Yredelemnul


Innate Abilities, Weirdness & Mutations

You can walk through water.
Your dull iron-grey scales are very hard. (AC +12)
You cannot fit into any form of body armour.
You can survive without breathing.
You are cold-blooded and may be slowed by cold attacks.


Message History

An enormous slime creature splits.
Found a stone staircase leading up.
You hit the large slime creature but do no damage.
The large slime creature is heavily wounded.
Two slime creatures merge to form an enormous slime creature.
An enormous slime creature splits.
There is a stone staircase leading up here.
A large slime creature splits.
The large slime creature hits you!!
* * * LOW HITPOINT WARNING * * *
The slime creature barely misses you.
Two slime creatures merge to form a large slime creature.
You climb upwards.
There is a stone staircase leading down here.
A large slime creature splits.
Two slime creatures merge to form a large slime creature.
The slime creature hits you but does no damage.
The slime creature closely misses you.
A large slime creature splits.
The large slime creature hits you!!
You die...

#
#################################
..............................#_.
..............................###
................................#
.................J.J.............
................@JJ..............
#########.###########>.##########
..........###########..##########
.................................
....###########...............###
....# #.###########...#
....###########...............###
.................................
.................................


You could see a large slime creature and 3 slime creatures.

Vanquished Creatures
  5 two-headed ogres
  2 trolls (D:9)
  A spriggan (D:7)
  A shadow (D:8)
  A soldier ant (D:10)
  A water moccasin (D:8)
  A sky beast (D:7)
  An ice beast (D:6)
  3 phantoms
  2 black bears
  4 ogres
  2 centaurs
  A big kobold (D:10)
  9 bullfrogs
  A scorpion (D:7)
  14 killer bees
  5 wights (D:9)
  3 crimson imps
  A centaur zombie (D:6)
  A bullfrog zombie (D:9)
  2 hounds
  A quasit (D:8)
  2 jellies
  9 orc priests
  9 orc wizards
  A bullfrog skeleton (D:5)
  2 gnoll shamans
  An iguana (D:6)
  3 worker ants
  6 gnolls
  8 adders
  4 shadow imps
  An adder skeleton (D:4)
  2 worms (D:5)
  2 dart slugs (D:1)
  7 leopard geckos
  27 orcs
  4 giant cockroaches
  8 goblins
  6 hobgoblins
  13 jackals
  5 quokkas
  5 bats
  11 frilled lizards
  7 kobolds
  6 rats
211 creatures vanquished.

Notes
Turn   | Place    | Note
-------+----------+-------------------------------------------
     0 | D:1      | Bapho the Draconian Berserker began the quest for the Orb.
     0 | D:1      | Reached XP level 1. HP: 19/19 MP: 1/1
    86 | D:1      | Reached XP level 2. HP: 18/26 MP: 2/2
   855 | D:2      | Reached XP level 3. HP: 32/33 MP: 3/3
   948 | D:2      | Reached ** piety under Trog
  1175 | D:2      | Reached skill level 4 in Long Blades
  1755 | D:3      | Reached XP level 4. HP: 40/40 MP: 4/4
  2266 | D:3      | Reached XP level 5. HP: 34/46 MP: 5/5
  2338 | D:3      | HP: 1/70 [orc priest/divine providence (13)]
  2340 | D:3      | Reached skill level 5 in Long Blades
  3287 | D:5      | Entered Level 5 of the Dungeon
  3415 | D:5      | Reached XP level 6. HP: 46/53 MP: 6/6
  3521 | D:5      | Reached *** piety under Trog
  3576 | D:5      | Reached skill level 5 in Fighting
  3659 | D:5      | Reached skill level 6 in Long Blades
  3659 | D:5      | Your scales start taking on a dull iron-grey colour.
  3659 | D:5      | Reached XP level 7. HP: 32/61 MP: 7/7
  3659 | D:5      | Gained mutation: You can survive without breathing. [Grey Draconian growth]
  4618 | D:6      | Reached skill level 7 in Long Blades
  4784 | D:6      | Reached XP level 8. HP: 54/70 MP: 8/8
  4872 | D:6      | Reached skill level 5 in Dodging
  5292 | D:7      | Reached skill level 8 in Long Blades
  5549 | D:7      | Found a staircase to the Ecumenical Temple.
  5644 | D:7      | Reached **** piety under Trog
  5842 | D:7      | Found a snail-covered altar of Cheibriados.
  5843 | D:7      | Found a hazy altar of Hepliaklqana.
  5991 | D:7      | Reached XP level 9. HP: 71/79 MP: 9/9
  6046 | D:7      | Reached skill level 9 in Long Blades
  6398 | D:8      | Found a staircase to the Lair.
  6466 | D:8      | Noticed a two-headed ogre
  6481 | D:8      | Killed a two-headed ogre
  6481 | D:8      | Reached skill level 10 in Long Blades
  6638 | D:8      | Noticed a two-headed ogre
  6649 | D:8      | Killed a two-headed ogre
  6704 | D:8      | Noticed a two-headed ogre
  6713 | D:8      | Killed a two-headed ogre
  6713 | D:8      | Reached XP level 10. HP: 90/90 MP: 10/10
  7069 | D:8      | Found a sparkling altar of Nemelex Xobeh.
  7069 | D:8      | Found an iron altar of Okawaru.
  7070 | D:8      | Found a blossoming altar of Fedhas.
  7200 | D:9      | Reached skill level 11 in Long Blades
  7375 | D:9      | Found a shadowy altar of Dithmenos.
  7375 | D:9      | Found a basalt altar of Yredelemnul.
  7380 | D:9      | Found a radiant altar of Vehumet.
  7382 | D:9      | Found a sacrificial altar of Ru.
  7383 | D:9      | Found a shimmering altar of Xom.
  7484 | D:9      | Found an ornate altar of the Wu Jian Council.
  7593 | D:9      | Noticed a two-headed ogre
  7602 | D:9      | Killed a two-headed ogre
  7643 | D:9      | Found a staircase to the Orcish Mines.
  7939 | D:9      | Found a burning altar of Makhleb.
  8013 | D:10     | Entered Level 10 of the Dungeon
  8033 | D:10     | Noticed a two-headed ogre
  8044 | D:10     | Killed a two-headed ogre
  8048 | D:10     | Reached ***** piety under Trog
  8139 | D:9      | Reached skill level 12 in Long Blades
  8643 | D:10     | Reached XP level 11. HP: 84/99 MP: 11/11
  8951 | D:9      | Demolished by a large slime creature

Vault maps used:
D:1:      minmay_arrival_plants_in_alcoves
D:2:      minivault_19, mrwooster_statue_mirror
D:3:      st_stairs_9
D:4:      first_ration
D:7:      cheibriados_altar_1, minmay_temple_entry_nine_rooms, basic_altar,
          the_bakery
D:8:      gammafunk_temple_overflow_claw, lair_entry_dummy
D:9:      makhleb_heckhound_becter, chequers_temple_overflow_minitemple,
          kennysheep_little_box

Skill      XL: |  1  2  3  4  5  6  7  8  9 10 |
---------------+-------------------------------+-----
Dodging        | 3 4 6 7 8 |  8.3
Long Blades    | 4 5 6 7 8 10 12 | 12.3
Fighting       | 4 5 6 7 8 9 |  9.9

Action                   |  1- 3 |  4- 6 |  7- 9 | 10-12 || total
-------------------------+-------+-------+-------+-------++-------
Melee: Falchion          |   100 |   136 |   399 |   286 ||   921
       Tailslap          |    11 |    18 |    78 |    61 ||   168
Throw: Stone             |    62 |    74 |   177 |    88 ||   401
Invok: Berserk           |       |     3 |     6 |     7 ||    16
       Trog's Hand       |       |       |       |     1 ||     1
  Use: Potion            |       |       |       |     1 ||     1
  Eat: Chunk             |     2 |     6 |    15 |    12 ||    35
       Ration            |       |     1 |       |     1 ||     2
Armor: Skin              |    33 |    25 |   113 |    96 ||   267
Dodge: Dodged            |    73 |    76 |   215 |   249 ||   613
       Rpst.: Falchion   |    19 |    20 |    66 |    76 ||   181

Table legend:
 A = Spawn XP
 B = Non-spawn XP
 C = Spawn XP percentage of total XP
 D = Spawn monster count
 E = Non-spawn monster count
 F = Spawn count percentage of total count
 G = Total turns spent on level
                    A         B        C        D         E        F      G
               +---------+---------+-------+---------+---------+-------+---------
         Total |       0 |   11577 |   0.0 |       0 |     211 |   0.0 |  8951
               +---------+---------+-------+---------+---------+-------+---------
           D:1 |       0 |      34 |   0.0 |       0 |      18 |   0.0 |   827
           D:2 |       0 |      54 |   0.0 |       0 |      22 |   0.0 |   553
           D:3 |       0 |     215 |   0.0 |       0 |      21 |   0.0 |  1190
           D:4 |       0 |      35 |   0.0 |       0 |       5 |   0.0 |   717
           D:5 |       0 |     448 |   0.0 |       0 |      16 |   0.0 |   808
           D:6 |       0 |     928 |   0.0 |       0 |      23 |   0.0 |  1032
           D:7 |       0 |    1439 |   0.0 |       0 |      34 |   0.0 |  1141
           D:8 |       0 |    3201 |   0.0 |       0 |       9 |   0.0 |   842
           D:9 |       0 |    2810 |   0.0 |       0 |      30 |   0.0 |  1183
          D:10 |       0 |    2413 |   0.0 |       0 |      33 |   0.0 |   658
               +---------+---------+-------+---------+---------+-------+---------
